 Dungeon Crawl Stone Soup version 0.24.0-2-g5b39cebb1c (webtiles) character file.

Game seed: 10352539738973208779, levelgen mode: deterministic

975 barcode the Grasshopper (level 8, 0/43 HPs)
             Began as a Vine Stalker Warper on Oct 31, 2019.
             Killed by divine providence
             ... invoked by an orc priest
              (9 damage)
             ... on level 7 of the Dungeon.
             The game lasted 00:11:04 (3750 turns).

barcode the Grasshopper (Vine Stalker Warper)       Turns: 3750, Time: 00:11:05

Health: 0/43       AC:  6    Str: 14    XL:     8   Next: 16%
Magic:  0/12       EV: 11    Int: 15    God:
Gold:   189        SH:  0    Dex: 14    Spells: 9/11 levels left

rFire    . . .     SeeInvis .   a - +0 mace
rCold    . . .     Gourm    .   (no shield)
rNeg     . . .     Faith    .   u - +0 ring mail
rPois    .         Spirit   +   r - +0 helmet
rElec    .         Reflect  .   (no cloak)
rCorr    .         Harm     .   (no gloves)
MR       +....                  (no boots)
Stlth    ++........             (no amulet)
HPRegen  0.54/turn              o - ring of stealth
MPRegen  0.13/turn              (no ring)

@: no status effects
A: fangs 3, regeneration 1, magic shield, antimagic bite, no potion heal 3, rot
immunity
a: no special abilities


You were on level 7 of the Dungeon.
You were hungry.

You visited 1 branch of the dungeon, and saw 6 of its levels.

You collected 189 gold pieces.

Inventory:

Hand Weapons
 a - a +0 mace (weapon)
Missiles
 e - 3 boomerangs of dispersal
 i - 6 poisoned darts (quivered)
 v - a boomerang
Armour
 r - a +0 helmet (worn)
 t - a +0 shield
 u - a +0 ring mail (worn)
Jewellery
 o - a ring of stealth (left hand)
Wands
 q - a wand of flame (4)
Scrolls
 d - 2 scrolls of blinking
 g - 3 scrolls of remove curse {unknown}
 j - 4 scrolls of identify {unknown}
 m - a scroll of immolation {unknown}
 p - a scroll of enchant armour {unknown}
 s - a scroll of teleportation {unknown}
Potions
 h - a potion of curing
 k - a potion of degeneration {unknown}
 l - a potion of flight {unknown}
 n - a potion of might {unknown}
Comestibles
 f - 5 rations


   Skills:
 + Level 5.2 Fighting
 + Level 5.2 Maces & Flails
 - Level 0.8 Throwing
 - Level 0.7 Armour
 - Level 1.5 Dodging
 - Level 2.1 Spellcasting
 - Level 5.7 Translocations


You had 9 spell levels left.
You knew the following spells:

 Your Spells              Type           Power        Failure   Level  Hunger
a - Blink                 Tloc           N/A          6%          2    ###....

Your spell library contained the following spells:

 Spells                   Type           Power        Failure   Level  Hunger
 Gell's Gravitas          Tloc           ###.......   13%         3    ###....
 Lesser Beckoning         Tloc           ###.......   13%         3    ###....
 Teleport Other           Tloc           ###.....     13%         3    ###....
 Shroud of Golubria       Chrm/Tloc      ##....       22%         2    ###....
 Passage of Golubria      Tloc           N/A          38%         4    #####..


Dungeon Overview and Level Annotations

Branches:
Dungeon (7/15)
 Temple: D:4-7

Altars:
Dithmenos
Qazlal
Ru
Trog
Yredelemnul
Zin

Shops:
D:7 [

Annotations:
D:6 Menkaure


Innate Abilities, Weirdness & Mutations

You have razor-sharp teeth.
Your natural rate of healing is unusually fast.
When hurt, damage is shared between your health and your magic reserves.
Your bite disrupts and absorbs the magic of your enemies.
Potions cannot restore your health.
You are immune to rotting.


Message History

You kill the orc wizard!
You feel very sick.
The orc priest looks braver for a moment.
The gnoll barely misses you.
Unknown command.
Throwing (i - inventory. (/) - cycle)
i - 7 poisoned darts (quivered)
Press: ? - help, Shift-Dir - straight line, f/p - orc priest
Aim: an orc priest, wielding a +0 hand axe (severely wounded, poisoned)
You throw a poisoned dart. The poisoned dart hits the gnoll.
The gnoll looks even sicker.
The gnoll is moderately wounded.
You feel sick.
The orc priest looks more healthy.
The gnoll barely misses you.
Unknown command.
Unknown command.
It was a potion of curing.
Your system rejects the healing.
You feel better. The gnoll hits you.
* * * LOW HITPOINT WARNING * * *
The orc priest mumbles some strange prayers to Beogh against you.
Beogh smites you!
You die...

# #g#
#.#)#
#.#.#
#...#
##..######
#.>g....#
#######(#
#
#o#####(#
#logg@).#
#########


PP You could see an iguana, an orc priest, 2 gnolls and an orc.

Vanquished Creatures
  Pikel (D:7)
  A black bear (D:7)
  A killer bee (D:7)
  3 hounds
  3 orc wizards
  An orc priest (D:7)
  An iguana (D:2)
  A worker ant (D:3)
  5 adders
  An ooze (D:1)
  3 worms
  3 dart slugs (D:3)
  3 leopard geckos
  14 orcs
  8 bats
  3 giant cockroaches
  7 goblins
  2 hobgoblins
  8 jackals (D:1)
  7 kobolds
  A quokka (D:6)
  8 frilled lizards
  6 rats
91 creatures vanquished.

Notes
Turn   | Place    | Note
-------+----------+-------------------------------------------
     0 | D:1      | barcode the Vine Stalker Warper began the quest for the
                  | Orb.
     0 | D:1      | Reached XP level 1. HP: 11/11 MP: 4/4
   352 | D:1      | Reached XP level 2. HP: 12/15 MP: 4/6
   786 | D:1      | Reached XP level 3. HP: 19/19 MP: 7/7
   950 | D:1      | Learned a level 2 spell: Blink
  1542 | D:2      | Gained mutation: Your natural rate of healing is unusually
                  | fast. [Vine Stalker growth]
  1542 | D:2      | Reached XP level 4. HP: 2/23 MP: 1/8
  2515 | D:3      | Reached XP level 5. HP: 22/28 MP: 7/9
  2603 | D:3      | Found a sacrificial altar of Ru.
  2679 | D:3      | Found a bloodstained altar of Trog.
  2742 | D:3      | Found a shadowy altar of Dithmenos.
  3038 | D:4      | Found a glowing silver altar of Zin.
  3038 | D:4      | Found a stormy altar of Qazlal.
  3228 | D:4      | You fall into a shaft and drop 3 floors!
  3248 | D:7      | Reached XP level 6. HP: 10/32 MP: 2/10
  3363 | D:6      | Noticed a sky beast
  3553 | D:6      | Noticed a phantom
  3593 | D:6      | Noticed Menkaure
  3595 | D:6      | Found a sacrificial altar of Ru.
  3607 | D:6      | Found a basalt altar of Yredelemnul.
  3621 | D:6      | Noticed a slave
  3621 | D:6      | Noticed Pikel
  3622 | D:6      | Noticed a black bear
  3624 | D:6      | Noticed a slave
  3626 | D:6      | Noticed a slave
  3626 | D:6      | Noticed a slave
  3648 | D:7      | Killed a black bear
  3648 | D:7      | Reached XP level 7. HP: 8/37 MP: 1/11
  3678 | D:7      | Found Yddod's Antique Armour Shop.
  3734 | D:7      | Killed Pikel
  3734 | D:7      | Reached skill level 5 in Fighting
  3734 | D:7      | Reached skill level 5 in Maces & Flails
  3734 | D:7      | Reached skill level 5 in Translocations
  3734 | D:7      | Gained mutation: You have razor-sharp teeth. [Vine Stalker
                  | growth]
  3734 | D:7      | Reached XP level 8. HP: 19/43 MP: 3/12
  3750 | D:7      | Killed from afar by an orc priest

Levels and vault maps discovered:
D:1:      matt_arrival_refuge, layout_loops_corners
D:2:      layout_loops_ring
D:3:      layout_basic, old_standard_altar, old_standard_altar,
          nicolae_dithmenos_through_a_glass_darkly, first_ration
D:4:      layout_cave_pools, lemuel_round_altar, grunt_temple_overflow_open
D:6:      layout_basic, minmay_temple_entry_enclosed_plants, basic_altar,
          gammafunk_ghost_split, nicolae_ru_awakened_eye, uniq_sigmund,
          uniq_menkaure, uniq_pikel
D:7:      kennysheep_steamy, layout_basic, serial_shops, shop, shop,
          nicolae_shop_overgrown_old_shop, nicolae_shop_waterfront,
          minmay_manual_moon, uniq_duvessa

Skill      XL: |  1  2  3  4  5  6  7 |
---------------+----------------------+-----
Fighting       | 2 3 4 5 |  5.2
Maces & Flails | 2 3 4 5 |  5.2
Translocations | 4 5 |  5.7
Throwing       | |  0.8
Armour         | |  0.7
Dodging        | |  1.5
Spellcasting   | |  2.1

Action                   |  1- 3 |  4- 6 |  7- 9 || total
-------------------------+-------+-------+-------++-------
Melee: Mace              |    92 |   205 |     5 ||   302
       Bite              |    26 |    52 |     1 ||    79
Throw: Dart              |     3 |    29 |    35 ||    67
       Boomerang         |     2 |       |       ||     2
 Cast: Blink             |       |     3 |       ||     3
Evoke: Wand              |       |     7 |     1 ||     8
  Use: Scroll            |       |       |     1 ||     1
       Potion            |       |       |     1 ||     1
 Stab: Sleeping          |       |     2 |       ||     2
  Eat: Chunk             |     1 |     8 |       ||     9
Armor: Leather armour    |    37 |    50 |       ||    87
       Ring mail         |       |    45 |    19 ||    64
Dodge: Dodged            |    59 |   147 |    22 ||   228
